 Dungeon Crawl Stone Soup version 0.31-a0-102-g33a4ccc0cb (webtiles) character file.

Game seed: 13997727005443409099

55 ragingrage the Sneak (level 3, -1/34 HPs)
             Began as a Naga Delver on May 26, 2023.
             Slain by a sleepcap (5 damage)
             ... on level 4 of the Dungeon.
             The game lasted 00:00:36 (117 turns).

ragingrage the Sneak (Naga Delver)                   Turns: 117, Time: 00:00:36

Health: -1/34      AC:  2    Str: 14    XL:     3   Next: 93%
Magic:  3/3        EV:  1    Int: 13    God:
Gold:   15         SH:  0    Dex: 14    Spells: 2/2 levels left

rFire   . . .        j - +7 dagger of Wischaoha {pain, Int+3}
rCold   . . .        (no shield)
rNeg    . . .        b - +0 leather armour
rPois   +            (no helmet)
rElec   .            (no cloak)
rCorr   .            (no gloves)
SInv    +            (no barding)
Will    .....        (no amulet)
Stlth   +++          (no ring)
HPRegen 0.25/turn    (no ring)
MPRegen 0.08/turn

%: no passive effects
@: sleeping, very slow
A: AC +1, large, see invisible, deformed body, poison resistance, slowness 2,
spit poison 1, naga tail 1
a: Spit Poison


You were on level 4 of the Dungeon.
You visited 1 branch of the dungeon, and saw 3 of its levels.

You collected 15 gold pieces.

Inventory:

Hand Weapons
 a - a +0 short sword
 j - the +7 dagger of Wischaoha (weapon) {pain, Int+3}
   (You found it on level 6 of the Dungeon)

   Int:       It affects your intelligence (+3).
Armour
 b - a +0 leather armour (worn)
Wands
 g - a wand of digging (3)
Scrolls
 c - a scroll of fog
 d - a scroll of magic mapping
 h - a scroll of teleportation {unknown}
 i - a scroll of enchant armour {unknown}
Potions
 f - a potion of haste


   Skills:
 - Level 3.0 Fighting
 + Level 4.1 Short Blades
 - Level 1.5 Dodging
 - Level 7.2 Stealth


You had 2 spell levels left.
You didn't know any spells.
Your spell library was empty.

Dungeon Overview and Level Annotations

Branches:
Dungeon (6/15)
 Temple: D:4-7

Altars:
Dithmenos

Annotations:
D:5 exclusion: scorpion


Innate Abilities, Weirdness & Mutations

Your serpentine skin is tough. (AC +1)
You have supernaturally acute eyesight. (SInv)
Armour fits poorly on your strangely shaped body.
Your system is resistant to poisons. (rPois)
You cover ground very slowly.
You can spit poison.
You have a snake-like lower body.


Message History

You climb upwards.
Level annotation: exclusion: scorpion
There is a stone staircase leading down here.
You feel clever.
You have a feeling of ineptitude.
j - the +7 dagger of Wischaoha (weapon)
{pain, Int+3}
There is a stone staircase leading up here.
You climb upwards.
There is a stone staircase leading down here.
Unknown command.
The helpless sleepcap fails to defend itself.
You spit the sleepcap like a pig!!!
You destroy the sleepcap!
Your Short Blades skill increases to level 4!
The sleepcap releases spores at you but does no damage.
The sleepcap releases spores at you!
You are engulfed in a cloud of soporific spores!
You fall asleep.
The sleepcap releases spores at you!
You wake up.
You hit the sleepcap. You hit the sleepcap.
An adder comes into view.
The sleepcap releases spores at you.
* * * LOW HITPOINT WARNING * * *
You are engulfed in a cloud of soporific spores!
You are unaffected.
You hit the sleepcap but do no damage. The sleepcap barely misses you.
Okay, then.
As you read the scroll of fear, it crumbles to dust.
You assume a fearsome visage.
The sleepcap is unaffected.
The adder looks frightened!
The sleepcap closely misses you.
You hit the sleepcap. The sleepcap completely misses you.
You hit the sleepcap.
You punch the sleepcap, but do no damage.
The sleepcap releases spores at you.
* * * LOW HITPOINT WARNING * * *
You are engulfed in a cloud of soporific spores!
You fall asleep.
The sleepcap releases spores at you.
You die...

..........#
..........#
..........#
...........#
...........#
...........###
........f....#
........@....#
.............#
.............#
.......>.....#
.!...........#
.............#
.............#
.............#
.........)...#


You could see a sleepcap.

Vanquished Creatures
  A hound (D:5)
  A sleepcap (D:4)
2 creatures vanquished.

Notes
Turn   | Place    | Note
-------+----------+-------------------------------------------
     0 | D:5      | ragingrage the Naga Delver began the quest for the Orb.
     0 | D:5      | Reached XP level 1. HP: 21/21 MP: 1/1
    28 | D:5      | Noticed a scorpion
    46 | D:5      | Noticed a hound
    49 | D:5      | Killed a hound
    50 | D:5      | Reached XP level 2. HP: 28/28 MP: 2/2
    50 | D:5      | Reached XP level 3. HP: 34/34 MP: 3/3
    89 | D:6      | Identified the +7 dagger of Wischaoha {pain, Int+3}
    90 | D:6      | Noticed a black bear
   117 | D:4      | Slain by a sleepcap

Illustrated notes

Levels and vault maps discovered:
D:4:      layout_gridville, elyvilon_altar_5, mainiacjoe_overflow_catwalk
D:5:      layout_loops_ring, mainiacjoe_overflow_tiny_flanked,
          eino_tiny_chamber, chequers_serial_rivers_room_a, glass_columns_c,
          uniq_edmund
D:6:      layout_basic, lemuel_round_altar, minmay_temple_entry_offerings,
          minmay_crystal_water

Skill      XL: |  1  2  3 |
---------------+----------+-----
Short Blades   | 3 4 |  4.1
Fighting       | |  3.0
Dodging        | |  1.5
Stealth        | |  7.2

Action                     || total
---------------------------++-------
  Melee: Short sword       ||     1
         Dagger            ||     6
         Punch             ||     1
    Use: Scroll            ||     1
   Stab: Sleeping          ||     2
 Armour: Leather armour    ||     1
  Dodge: Dodged            ||     3

Table legend: (Time is in decaauts)
 A = Elapsed time spent in this place.
 B = Non-inter-level travel time spent in this place.
 C = Inter-level travel time spent in this place.
 D = Time resting spent in this place.
 E = Time spent auto-exploring this place.
 F = Levels seen in this place.
 G = Mean time per level.
                   A        B        C        D        E       F      G
               +--------+--------+--------+--------+--------+-----+--------+
         Total |    153 |    144 |      9 |      0 |     82 |   3 |   51.0 |
       Dungeon |    153 |    144 |      9 |      0 |     82 |   3 |   51.0 |
               +--------+--------+--------+--------+--------+-----+--------+

Top non-repeatable levels by time:
     D:5: 108 daAuts
     D:6: 34 daAuts
     D:4: 11 daAuts
